 Dungeon Crawl Stone Soup version 0.22-a0-253-gf9d0ce5 (webtiles) character file.

108 scalarboson the Firebug (level 4, -2/24 HPs)
             Began as a Gargoyle Fire Elementalist on Mar 3, 2018.
             Slain by a goblin (3 damage)
             ... led by Robin
             ... on level 3 of the Dungeon.
             The game lasted 00:06:32 (2273 turns).

scalarboson the Firebug (GrFE)                      Turns: 2273, Time: 00:06:32

Health: -2/24      AC:  6    Str: 16    XL:     4   Next: 87%
Magic:  8/8        EV: 12    Int: 17    God:
Gold:   93         SH:  0    Dex: 10    Spells: 3/8 levels left

rFire    . . .     SeeInvis .   e - +0 mace
rCold    . . .     Gourm    .   (no shield)
rNeg     + . .     Faith    .   a - +0 robe
rPois    ∞         Spirit   .   (no helmet)
rElec    +         Reflect  .   (no cloak)
rCorr    .         Harm     .   (no gloves)
MR       .....                  h - +0 pair of boots (curse)
Stlth    ++........             (no amulet)
HPRegen  0.08/turn              (no ring)
MPRegen  0.11/turn              (no ring)

@: mighty
A: claws 1, fangs 1, negative energy resistance 1, electricity resistance,
unbreathing, petrification resistance, rot immunity, AC +3
a: no special abilities


You were on level 3 of the Dungeon.
You were not hungry.

You visited 1 branch of the dungeon, and saw 3 of its levels.

You collected 93 gold pieces.

Inventory:

Hand Weapons
 e - a +0 mace (weapon)
Armour
 a - a +0 robe (worn)
 h - a cursed +0 pair of boots (worn)
Wands
 d - a wand of paralysis (11)
 g - a wand of iceblast (13)
Scrolls
 b - 2 scrolls of remove curse
 l - a scroll of amnesia {unknown}
Comestibles
 c - 8 rations
 k - 2 chunks of flesh


   Skills:
 + Level 0.5 Fighting
 + Level 2.0 Dodging
 - Level 2.1 Stealth
 + Level 2.7 Spellcasting
 + Level 1.9 Conjurations
 + Level 4.3 Fire Magic


You had 3 spell levels left.
You knew the following spells:

 Your Spells              Type           Power        Failure   Level  Hunger
a - Flame Tongue          Conj/Fire      ##...        4%          1    #......
b - Sticky Flame          Conj/Fire      ##......     43%         4    #####..


Dungeon Overview and Level Annotations

Branches:
Dungeon (3/15)

Altars:

Annotations:
D:3 Robin


Innate Abilities, Weirdness & Mutations

You are resistant to torment.
Your stone body is resilient. (AC +3)
You are immune to poison.
You resist negative energy. (rN+)
You are resistant to electric shocks. (rElec)
You can survive without breathing.
You are immune to petrification.
You are immune to rotting.
You have sharp fingernails.
You have very sharp teeth.


Message History

You closely miss the goblin. The goblin hits you.
* * * LOW HITPOINT WARNING * * *
The goblin closely misses you. The goblin hits you but does no damage.
The goblin barely misses you. x2; Robin hits you but does no damage.
Okay, then.
It was a potion of might.
You feel very mighty all of a sudden.
The goblin no longer looks unusually strong.
The goblin barely misses you. The goblin closely misses you.
The goblin hits you but does no damage. The goblin barely misses you.
Robin misses you.
It was a potion of magic.
Magic courses through your body.
The goblin no longer looks unusually strong.
The goblin hits you.
* * * LOW HITPOINT WARNING * * *
The goblin closely misses you.
The goblin hits you but does no damage. x2
It was a potion of mutation.
You feel extremely strange.
Your teeth lengthen and sharpen.
Your fingernails lengthen.
The goblin hits you.
You die...

#### # #######g. ..#
##......g###†....
...$...g@gg.....
#.####.g###.....
#.#####.####..# .....
##.............###..
.
...........##.......
....................
##.#####...##...##...
# ........##....# ..
#####.........## #


You could see Robin and 5 goblins.

Vanquished Creatures
  3 adders (D:2)
  2 worms (D:2)
  2 dart slugs
  2 leopard geckos
  An orc (D:3)
  A ball python (D:1)
  2 giant cockroaches
  9 goblins
  11 hobgoblins
  4 jackals (D:1)
  6 kobolds
  8 bats
  5 frilled lizards
  7 rats
63 creatures vanquished.

Notes
Turn   | Place    | Note
-------+----------+-------------------------------------------
     0 | D:1      | scalarboson the Gargoyle Fire Elementalist began the quest for the Orb.
     0 | D:1      | Reached XP level 1. HP: 10/10 MP: 3/3
   226 | D:1      | Reached XP level 2. HP: 15/15 MP: 1/5
   575 | D:1      | Reached XP level 3. HP: 19/19 MP: 0/6
  1151 | D:2      | Reached skill level 4 in Fire Magic
  1458 | D:2      | Reached XP level 4. HP: 24/24 MP: 3/7
  2114 | D:3      | Learned a level 4 spell: Sticky Flame
  2258 | D:3      | Noticed Robin
  2272 | D:3      | HP: 1/24 [goblin[Robin] (2)]
  2273 | D:3      | Gained mutation: You have very sharp teeth. [potion of mutation]
  2273 | D:3      | Gained mutation: You have sharp fingernails. [potion of mutation]
  2273 | D:3      | Slain by a goblin

Vault maps used:
D:1:      dpeg_arrival_refuge
D:2:      lemuel_upstairs_altar, minmay_split_cup_large
D:3:      uniq_robin

Skill      XL: |  1  2  3  4 |
---------------+-------------+-----
Fire Magic     | 4 |  4.3
Dodging        | 2 |  2.0
Fighting       | |  0.5
Stealth        | |  2.1
Spellcasting   | |  2.7
Conjurations   | |  1.9

Action                   |  1- 3 |  4- 6 || total
-------------------------+-------+-------++-------
Melee: Unarmed           |     6 |       ||     6
       Club              |    24 |       ||    24
       Mace              |     6 |    37 ||    43
 Cast: Flame Tongue      |    60 |    35 ||    95
  Use: Scroll            |     4 |     1 ||     5
       Potion            |       |     3 ||     3
 Stab: Sleeping          |       |     3 ||     3
  Eat: Chunk             |     2 |     3 ||     5
Armor: Robe              |    24 |    24 ||    48
Dodge: Dodged            |    52 |    54 ||   106

Table legend:
 A = Spawn XP
 B = Non-spawn XP
 C = Spawn XP percentage of total XP
 D = Spawn monster count
 E = Non-spawn monster count
 F = Spawn count percentage of total count
 G = Total turns spent on level
                    A         B        C        D         E        F      G
               +---------+---------+-------+---------+---------+-------+---------
         Total |       0 |     155 |   0.0 |       0 |      63 |   0.0 |  2273
               +---------+---------+-------+---------+---------+-------+---------
           D:1 |       0 |      51 |   0.0 |       0 |      28 |   0.0 |  1134
           D:2 |       0 |      78 |   0.0 |       0 |      21 |   0.0 |   951
           D:3 |       0 |      26 |   0.0 |       0 |      14 |   0.0 |   188
               +---------+---------+-------+---------+---------+-------+---------
